 Dungeon Crawl Stone Soup version 0.31-a0-1529-g7bd419a0e5 (webtiles) character file.

Game seed: 2588949854321821720

23 MacCMillion the Changeling (level 3, -1/27 HPs)
             Began as a Merfolk Shapeshifter on Dec 31, 2023.
             Slain by a goblin
             ... wielding a +0 dagger
             ... led by Robin
              (4 damage)
             ... on level 1 of the Dungeon.
             The game lasted 00:01:28 (1188 turns).

MacCMillion the Changeling (Merfolk Shapeshifter)   Turns: 1188, Time: 00:01:28

Health: -1/27      AC:  5    Str: 16    XL:     3   Next: 0%
Magic:  3/3        EV: 11    Int:  9    God:
Gold:   45         SH:  0    Dex: 13    Spells: 2/2 levels left

rFire   . .          .
                       - Unarmed
rCold   . . .        (no shield)
rNeg    + . .        i - +0 ring mail
rPois   .            (helmet currently unavailable)
rElec   .            (cloak currently unavailable)
rCorr   .            (gloves currently unavailable)
SInv    .            (boots currently unavailable)
Will    .....        (no amulet)
Stlth   +            f - ring of positive energy
HPRegen 0.24/turn    (no ring)
MPRegen 0.08/turn

%: no passive effects
@: beast-form
A: beast (slay +2), (nimble swimmer 2), mertail
a: Begin Untransformation


You were on level 1 of the Dungeon.
You were a hulking beast.
You visited 1 branch of the dungeon, and saw 2 of its levels.

You collected 45 gold pieces.

Inventory:

Armour
 a - a +0 animal skin
 i - a +0 ring mail (worn)
Jewellery
 f - a ring of positive energy (left hand)
Talismans
 c - a beast talisman
 d - a flux talisman
Scrolls
 e - 2 scrolls of identify {unknown}
 g - a scroll of amnesia {unknown}
 j - 3 scrolls of fear {unknown}
Potions
 b - a potion of lignification
 h - a potion of invisibility {unknown}


   Skills:
 + Level 2.1 Fighting
 - Level 2.6 Dodging
 + Level 0.8 Stealth
 + Level 3.8 Unarmed Combat
 - Level 4.0 Shapeshifting


You had 2 spell levels left.
You didn't know any spells.
Your spell library was empty.

Dungeon Overview and Level Annotations

Branches:
Dungeon (2/15)

Altars:

Shops:
D:1 !

Annotations:
D:1 Robin


Innate Abilities, Weirdness & Mutations

You are a hulking beast.
Your limbs bulge with bestial killing power. (Slay +2)
((You are very nimble when in or above water. (Stealth+, EV+, Speed+++)))
Your lower body shifts to a powerful aquatic tail in water.


Message History

The hobgoblin barely misses you. The goblin barely misses you.
The goblin hits the plant with a +0 dagger.
The plant begins to die.
The goblin hits you but does no damage.
You hit the goblin. You punch the goblin.
You kill the goblin!
The hobgoblin hits you. Robin hits you with a +0 mace.
The goblin hits you but does no damage.
You barely miss the goblin. The hobgoblin barely misses you.
Robin barely misses you. The goblin barely misses you.
The goblin hits you but does no damage.
You barely miss the goblin. The hobgoblin hits you.
Robin hits you with a +0 mace. The goblin hits you with a +0 dagger.
The goblin misses you.
You hit the goblin.
You kill the goblin!
A nearby plant withers and dies.
The hobgoblin hits you. The goblin barely misses you.
You have reached level 3!
Your experience leads to an increase in your attributes!
Increase (S)trength, (I)ntelligence, or (D)exterity?
You feel stronger. x2
You hit Robin.
Robin is heavily wounded.
The hobgoblin barely misses you. Robin hits you but does no damage.
The goblin barely misses you. The goblin hits you but does no damage.
You hit Robin.
Robin is severely wounded.
The hobgoblin hits you but does no damage.
Robin hits you but does no damage. The goblin hits you but does no damage.
The goblin barely misses you.
You hit Robin.
Robin is almost dead.
The hobgoblin hits you.
* * * LOW HITPOINT WARNING * * *
Robin hits you but does no damage. The goblin closely misses you.
The goblin hits you but does no damage.
You barely miss Robin.
Robin is almost dead.
The hobgoblin completely misses you. The goblin hits you with a +0 dagger.
You die...

# ######### ###### #........
#.#.8###############.#######
#..#'#...............# #
#<.#'...#####...############
#..#'##.# #♣P.~...........
#.#.8##.# ###~~~~~##########
#######.###hg.~♣~♣.#(# #....
#...ggg##.#....# #.###
#####..#....#..###.#
#..#....#....#.#
#..#....#......#
##......##.###.###
#................
####..###.####.#.
#.............


You could see Robin, a hobgoblin (strong) and 2 goblins.

Vanquished Creatures
  2 dart slugs (D:1)
  2 ball pythons (D:1)
  An endoplasm (D:1)
  3 goblins (D:1)
  A hobgoblin (D:1)
  3 jackals (D:1)
  A kobold (D:1)
  A bat (D:1)
  2 frilled lizards (D:1)
  2 rats (D:1)
18 creatures vanquished.

Notes
Turn   | Place    | Note
-------+----------+-------------------------------------------
     0 | D:1      | MacCMillion the Merfolk Shapeshifter began the quest for
                  | the Orb.
     0 | D:1      | Reached XP level 1. HP: 15/15 MP: 1/1
   232 | D:1      | Reached XP level 2. HP: 22/22 MP: 2/2
   530 | D:1      | Found Eneilyomm's Distillery.
  1176 | D:2      | Noticed Robin
  1185 | D:1      | Reached XP level 3. HP: 8/27 MP: 3/3
  1188 | D:1      | Slain by a goblin

Illustrated notes

Levels and vault maps discovered:
D:1:      saegor_arrival_simple_c, layout_basic, serial_shops,
          nicolae_shop_advertising_works [nicolae_subvault_shop_adworks],
          serial_bayou, serial_bayou_pond_e, serial_bayou_shore_b,
          serial_bayou_pond_e, serial_bayou_crossing, minmay_tetromino_t4
D:2:      layout_basic, grunt_ministairs_8, uniq_robin, uniq_crazy_yiuf_cottage

Skill      XL: |  1  2 |
---------------+-------+-----
Fighting       | 2 |  2.1
Dodging        | |  2.6
Stealth        | |  0.8
Unarmed Combat | |  3.8
Shapeshifting  | |  4.0

Action                     || total
---------------------------++-------
  Melee: Unarmed           ||    56
         Punch             ||     1
   Stab: Sleeping          ||     1
 Armour: Animal skin       ||    14
         Ring mail         ||    27
  Dodge: Dodged            ||    36

Table legend: (Time is in decaauts)
 A = Elapsed time spent in this place.
 B = Non-inter-level travel time spent in this place.
 C = Inter-level travel time spent in this place.
 D = Time resting spent in this place.
 E = Time spent auto-exploring this place.
 F = Levels seen in this place.
 G = Mean time per level.
                   A        B        C        D        E       F      G
               +--------+--------+--------+--------+--------+-----+--------+
         Total |   1172 |   1104 |     68 |    130 |    830 |   2 |  586.0 |
       Dungeon |   1172 |   1104 |     68 |    130 |    830 |   2 |  586.0 |
               +--------+--------+--------+--------+--------+-----+--------+

Top non-repeatable levels by time:
     D:1: 1170 daAuts
     D:2: 1 daAuts
